 Dungeon Crawl Stone Soup version 0.22-a0-392-g5dc3fd9 (webtiles) character file.

11 Falco the Ducker (level 2, 0/14 HPs)
             Began as a Felid Monk on May 1, 2018.
             Killed from afar by Sigmund (10 damage)
             ... with a magic dart
             ... on level 2 of the Dungeon.
             The game lasted 00:03:04 (970 turns).

Falco the Ducker (Felid Monk)                        Turns: 970, Time: 00:03:05

Health: 0/14       AC:  1    Str:  7    XL:     2   Next: 17%
Magic:  3/3        EV: 20    Int: 11    God:
Gold:   96         SH:  0    Dex: 18    Spells: 1/1 levels left
                                        Lives:  0   Deaths: 0

rFire    . . .     SeeInvis +     - Unarmed
rCold    . . .     Gourm    .   (shield unavailable)
rNeg     . . .     Faith    .   (armour unavailable)
rPois    .         Spirit   .   (helmet unavailable)
rElec    .         Reflect  .   (cloak unavailable)
rCorr    .         Harm     .   (gloves unavailable)
MR       .....                  (boots unavailable)
Stlth    +++.......             (no amulet)
HPRegen  0.04/turn              (no ring)
MPRegen  0.08/turn              (no ring)

@: quick
A: very small, no armour, no weapons or thrown items, stealth, claws 1, fangs 3,
see invisible, carnivore, speed 1, shaggy fur 1, slow metabolism 1, sharp paws
a: no special abilities


You were on level 2 of the Dungeon.
You were not hungry.

You visited 1 branch of the dungeon, and saw 2 of its levels.

You collected 96 gold pieces.

Inventory:

Scrolls
 b - a scroll of teleportation
 c - 3 scrolls of identify {unknown}
Comestibles
 a - 5 rations


   Skills:
 + Level 3.1 Fighting
 + Level 4.2 Dodging
 + Level 2.9 Stealth
 + Level 3.2 Unarmed Combat


You had one spell level left.
You didn't know any spells.

Dungeon Overview and Level Annotations

Branches:
Dungeon (2/15)

Altars:

Annotations:
D:2 Sigmund


Innate Abilities, Weirdness & Mutations

You cannot wear armour.
You are incapable of wielding weapons or throwing items.
Your paws allow you to move quietly. (Stealth)
You have sharp claws.
You have razor-sharp teeth.
You have supernaturally acute eyesight. (SInv)
You are carnivorous and can eat meat at any time.
You cover ground quickly.
You are covered in fur. (AC +1)
You have a slow metabolism.
Your sharp claws are effective at attacking unaware monsters.


Message History

You scratch the goblin.
You kill the goblin!
You scratch the rat.
You kill the rat!
You barely miss the frilled lizard. The frilled lizard closely misses you.
An adder comes into view.
The hobgoblin misses you.
You closely miss the hobgoblin. The hobgoblin misses you.
You scratch the hobgoblin. You bite the hobgoblin.
The hobgoblin is severely wounded.
The hobgoblin hits you with a club.
You scratch the hobgoblin.
You kill the hobgoblin!
You miss the frilled lizard. The frilled lizard bites you.
Sigmund says, "Don't worry, I'll kill you fast."
There is a stone staircase leading down here.
Sigmund gestures at you while chanting. The magic dart hits you!
Ouch! That really hurt!
You die...

#...#.......##.#...#.......#
.<.....[.#####.'.8.+........#
..........# #..#...#..........
..........###..#####..........
..............................
..............@.....#.........
#...#...#).####.###...........
#########.## #.l###..........
... ###.# ##@.............
###.###...# #####..........
........### ###........
.......## ####.###....
...##.## ##........### .. #.#
##..##.##### #.#
######..###..#
#.######......#####.#
#....@.).............


You could see Sigmund and a frilled lizard.

Vanquished Creatures
  A giant cockroach (D:1)
  2 goblins
  A hobgoblin (D:2)
  2 kobolds (D:1)
  2 bats (D:1)
  4 rats
12 creatures vanquished.

Notes
Turn   | Place    | Note
-------+----------+-------------------------------------------
     0 | D:1      | Falco the Felid Monk began the quest for the Orb.
     0 | D:1      | Reached XP level 1. HP: 10/10 MP: 2/2
   883 | D:2      | Reached XP level 2. HP: 14/14 MP: 3/3
   902 | D:2      | Noticed Sigmund
   970 | D:2      | Killed from afar by Sigmund

Vault maps used:
D:1:      mushboom_english_gardens, serial_corexii_hall, corexii_hall_statues_i,
          corexii_hall_statues_s
D:2:      minmay_misc_feat_room, minmay_door_square, nemelex_altar_shiori,
          uniq_sigmund

Action                   || total
-------------------------++-------
Melee: Unarmed           ||    29
       Bite              ||     5
  Use: Scroll            ||     5
 Stab: Sleeping          ||     4
Armor: Skin              ||     2
Dodge: Dodged            ||    26

Table legend:
 A = Spawn XP
 B = Non-spawn XP
 C = Spawn XP percentage of total XP
 D = Spawn monster count
 E = Non-spawn monster count
 F = Spawn count percentage of total count
 G = Total turns spent on level
                    A         B        C        D         E        F      G
               +---------+---------+-------+---------+---------+-------+---------
         Total |       0 |      17 |   0.0 |       0 |      12 |   0.0 |   970
               +---------+---------+-------+---------+---------+-------+---------
           D:1 |       0 |      11 |   0.0 |       0 |       7 |   0.0 |   879
           D:2 |       0 |       6 |   0.0 |       0 |       5 |   0.0 |    91
               +---------+---------+-------+---------+---------+-------+---------
